 Dungeon Crawl Stone Soup version 0.20.1-1-g8b1a95d (webtiles) character file.

4309 jojo4000 the Cleaver (level 10, -4/91 HPs)
             Began as a Minotaur Berserker on July 15, 2017.
             Was an Elder of Trog.
             Slain by a queen bee (12 damage)
             ... on level 8 of the Dungeon.
             The game lasted 00:49:41 (6609 turns).

jojo4000 the Cleaver (Minotaur Berserker)           Turns: 6609, Time: 00:49:42

Health: -4/91      AC: 19    Str: 25 (26) XL:     10   Next: 11%
Magic:  9/9        EV: 13    Int:  4 (6)  God:    Trog [****..]
Gold:   501        SH:  0    Dex: 13 (14) Spells: 9/9 levels left

rFire    . . .     SeeInvis .   C - +0 hand axe
rCold    + . .     Gourm    .   (no shield)
rNeg     . . .     Faith    .   K - +0 plate armour
rPois    .         Spirit   .   e - +2 hat
rElec    .         Reflect  .   (no cloak)
rCorr    .         Harm     .   (no gloves)
MR       .....                  f - +0 pair of boots
Stlth    ..........             (no amulet)
Regen    0.0/turn               (no ring)
MPRegen  0.2/turn               (no ring)

@: agile, lethally poisoned (-4 -> -50), berserk cooldown, non-regenerating,
diseased, slowed, very slow
A: retaliatory headbutt, horns 2, yellow scales 1, clever 1, cold resistance 1,
screaming 1
a: Berserk, Trog's Hand, Brothers in Arms, Burn Spellbooks, Renounce Religion


You were on level 8 of the Dungeon.
You worshipped Trog.
Trog was greatly pleased with you.
You were hungry.

You visited 1 branch of the dungeon, and saw 8 of its levels.

You collected 501 gold pieces.

Inventory:

Hand Weapons
 a - a +0 hand axe
 C - a +0 hand axe (weapon)
 E - a +0 war axe
Armour
 b - a +0 animal skin
 e - a +2 hat (worn)
 f - a +0 pair of boots (worn)
 g - a -2 plate armour
 l - a +0 scale mail
 m - a +0 chain mail
 v - a +0 plate armour
 K - a +0 plate armour (worn)
 O - a +0 naga barding
Wands
 B - a wand of flame (25/48)
 F - a wand of polymorph (16/24)
 H - a wand of flame (34/48)
 J - a wand of digging (13/24)
Scrolls
 d - 7 scrolls of identify
 j - 4 scrolls of remove curse
 r - 2 scrolls of noise {unknown}
 u - a scroll of fear {unknown}
 y - 2 scrolls of magic mapping {unknown}
 L - a scroll of recharging {unknown}
 N - a scroll of silence {unknown}
Potions
 h - a potion of haste
 k - a potion of resistance
 o - 2 potions of mutation
 q - a potion of curing
 w - 5 potions of brilliance
 z - 2 potions of might
Comestibles
 c - 6 bread rations
 i - 9 chunks of flesh
 p - 2 royal jellies
 D - 5 meat rations


   Skills:
 + Level 9.1 Fighting
 * Level 13.0 Axes
 + Level 8.0 Armour
 + Level 3.1 Dodging
 + Level 1.5 Stealth


You had 9 spell levels left.
You didn't know any spells.

Dungeon Overview and Level Annotations

Branches:
Dungeon (8/15)             Temple (0/1) D:6
   Lair: D:8-11

Altars:
Qazlal
Yredelemnul

Shops:
D:7 (


Innate Abilities, Weirdness & Mutations

You reflexively headbutt those who attack you in melee.
You have a pair of horns on your head.
You are partially covered in yellow scales. (AC +2)
Your mind is acute. (Int +2)
Your flesh is cold resistant. (rC+)
You occasionally shout uncontrollably at your foes.


Message History

The necrophage barely misses you. You furiously retaliate!
You headbutt the necrophage.
You hit the two-headed ogre but do no damage.
Your headbutt misses the two-headed ogre.
You hit the necrophage. You hit the queen bee.
* * * LOW HITPOINT WARNING * * *
You feel very sick.
The queen bee stings you but does no damage.
The necrophage hits you but does no damage.
You hit the two-headed ogre.
The two-headed ogre is lightly wounded.
You slash the necrophage! You hit the queen bee.
* * * LOW HITPOINT WARNING * * *
You feel very sick.
The killer bee rages.
The two-headed ogre closely misses you. You furiously retaliate!
You headbutt the two-headed ogre.
The two-headed ogre hits you but does no damage.
The queen bee stings you!
You die...

## ##.... ##. ##..... ##..
##....^# ###... . #......##
##..... ..#.......# ##......
..........### ##..>....
...?.....†.y##### ##........
........††.yYyn@#### #.........
.........###§yOy§§.#####........
......?### ######§.....#........
....... #####........... ..##.#.
#####....... # #.### ##......
#.# #...... y# ##..... ##....


You could see a two-headed ogre, a queen bee, a necrophage and 2 killer bees.

Vanquished Creatures
  The ghost of Oddysee the Skirmisher, a novice NaFi of Cheibriados (D:6)
  A hippogriff (D:4)
  A hungry ghost (D:8)
  3 sky beasts
  A black bear (D:8)
  2 ice beasts
  6 ogres
  2 orc warriors
  A centaur (D:7)
  The ghost of vishdafish the Shield-Bearer, an amateur DEFi (D:3)
  A big kobold (D:5)
  4 bullfrogs
  2 scorpions
  6 killer bees (D:8)
  3 wights (D:7)
  A howler monkey (D:4)
  3 crimson imps
  A bullfrog zombie (D:5)
  Crazy Yiuf (D:5)
  5 hounds
  A gnoll shaman (D:4)
  3 jellies
  7 orc wizards
  A bullfrog skeleton (D:6)
  2 iguanas (D:6)
  9 worker ants
  A killer bee zombie (D:8)
  2 hound zombies
  2 hound skeletons
  6 adders
  8 gnolls
  An ooze (D:3)
  3 worms
  A dart slug (D:1)
  3 leopard geckos
  20 orcs
  A ball python (D:1)
  7 giant cockroaches
  7 hobgoblins
  4 jackals (D:4)
  3 quokkas
  14 bats
  4 frilled lizards
  7 goblins
  9 kobolds
  A leopard gecko skeleton (D:6)
  2 quokka skeletons
  6 rats
  2 bushes (D:6)
  A plant (D:6)
184 creatures vanquished.

Notes
Turn   | Place    | Note
-------+----------+-------------------------------------------
     0 | D:1      | jojo4000 the Minotaur Berserker began the quest for the Orb.
     0 | D:1      | Reached XP level 1. HP: 19/19 MP: 0/0
   464 | D:1      | Reached XP level 2. HP: 26/27 MP: 1/1
   801 | D:2      | Reached XP level 3. HP: 28/34 MP: 2/2
   956 | D:2      | Reached ** piety under Trog
  1176 | D:2      | Reached skill level 4 in Axes
  1341 | D:3      | Noticed vishdafish's ghost (amateur DEFi)
  1354 | D:3      | Killed vishdafish's ghost
  1354 | D:3      | Reached skill level 5 in Fighting
  1354 | D:3      | Reached skill level 1 in Stealth
  1354 | D:3      | Reached XP level 4. HP: 42/42 MP: 3/3
  1778 | D:3      | Reached XP level 5. HP: 48/48 MP: 4/4
  1840 | D:3      | Reached skill level 5 in Axes
  2116 | D:4      | Reached XP level 6. HP: 56/56 MP: 5/5
  2206 | D:4      | Reached *** piety under Trog
  2243 | D:4      | Reached skill level 6 in Axes
  2498 | D:4      | Noticed a hippogriff
  2509 | D:4      | Killed a hippogriff
  2509 | D:4      | Reached skill level 7 in Axes
  2509 | D:4      | Reached XP level 7. HP: 58/62 MP: 6/6
  3004 | D:5      | Entered Level 5 of the Dungeon
  3016 | D:5      | Reached skill level 8 in Axes
  3496 | D:5      | Found a stormy altar of Qazlal.
  3564 | D:5      | Found a runed door.
  3665 | D:5      | Reached skill level 5 in Armour
  3665 | D:5      | Reached XP level 8. HP: 71/71 MP: 7/7
  3737 | D:5      | Noticed Crazy Yiuf
  3742 | D:5      | Killed Crazy Yiuf
  3822 | D:6      | Reached skill level 9 in Axes
  3823 | D:6      | Found a basalt altar of Yredelemnul.
  3902 | D:6      | Noticed Oddysee's ghost (novice NaFi)
  3918 | D:6      | Killed Oddysee's ghost
  3918 | D:6      | Reached skill level 10 in Axes
  4210 | D:6      | Gained mutation: Your muscles are strong. (Str +2) [mutagenic meat]
  4211 | D:6      | Gained mutation: You occasionally shout uncontrollably at your foes. [mutagenic meat]
  4212 | D:6      | Gained mutation: You are frail. (-10% HP) [mutagenic meat]
  4213 | D:6      | Gained mutation: Your spells are a little harder to cast, but a little more powerful. [mutagenic meat]
  4214 | D:6      | Lost mutation: Your spells are a little harder to cast, but a little more powerful. [mutagenic meat]
  4238 | D:6      | Found a staircase to the Ecumenical Temple.
  4248 | D:6      | Reached XP level 9. HP: 71/72 MP: 8/8
  4280 | D:6      | Found a glowing drain.
  4355 | D:6      | Reached **** piety under Trog
  4376 | D:6      | Reached skill level 11 in Axes
  5810 | D:7      | Found Tiepohoss's Weapon Shop.
  5823 | D:7      | Reached skill level 12 in Axes
  6005 | D:7      | Lost mutation: Your muscles are strong. (Str +2) [mutagenic meat]
  6006 | D:7      | Gained mutation: Your body sometimes deteriorates upon taking damage. [mutagenic meat]
  6007 | D:7      | Gained mutation: Your mind is acute. (Int +2) [mutagenic meat]
  6008 | D:7      | Gained mutation: You are agile. (Dex +2) [mutagenic meat]
  6009 | D:7      | Lost mutation: You are frail. (-10% HP) [mutagenic meat]
  6120 | D:7      | Lost mutation: You are agile. (Dex +2) [potion of mutation]
  6120 | D:7      | Lost mutation: Your body sometimes deteriorates upon taking damage. [potion of mutation]
  6120 | D:7      | Gained mutation: You are partially covered in yellow scales. (AC +2) [potion of mutation]
  6120 | D:7      | Gained mutation: Your flesh is cold resistant. (rC+) [potion of mutation]
  6442 | D:8      | Reached XP level 10. HP: 90/90 MP: 9/9
  6586 | D:8      | Reached skill level 13 in Axes
  6590 | D:8      | Noticed a two-headed ogre
  6609 | D:8      | Slain by a queen bee

Skill      XL: |  1  2  3  4  5  6  7  8  9 10 |
---------------+-------------------------------+-----
Fighting       | 4 5 6 7 8 9 |  9.1
Axes           | 4 5 7 8 10 12 13 | 13.0
Armour         | 3 4 5 6 7 8 |  8.0
Stealth        | 1 |  1.5
Dodging        | 3 |  3.1

Action                   |  1- 3 |  4- 6 |  7- 9 | 10-12 || total
-------------------------+-------+-------+-------+-------++-------
Melee: Hand axe          |    94 |    83 |   388 |    30 ||   595
       Headbutt          |    16 |    13 |   105 |     4 ||   138
Invok: Berserk           |     3 |     3 |    12 |     1 ||    19
       Trog's Hand       |       |       |     1 |       ||     1
Evoke: Wand              |       |       |       |     1 ||     1
  Use: Scroll            |       |       |     3 |     4 ||     7
       Potion            |       |       |     9 |     4 ||    13
 Stab: Sleeping          |     1 |       |       |       ||     1
  Eat: Chunk             |     3 |     7 |    27 |     1 ||    38
       Fruit             |       |       |     4 |       ||     4
       Royal jelly       |       |       |     1 |       ||     1
       Meat ration       |       |       |     1 |       ||     1
Armor: Animal skin       |    21 |       |       |       ||    21
       Plate armour      |     7 |    67 |   139 |    37 ||   250
Dodge: Dodged            |    54 |    33 |    93 |    37 ||   217
